[Event "fics rated crazyhouse match"]
[Site "fics, Oklahoma City, OK USA"]
[Date "2000.03.28"]
[White "pminear"]
[WhiteElo "2493"]
[Black "XXNoWay"]
[BlackElo "2352"]
[TimeControl "60+0"]
[Result "1-0"]

1. e4 e6 2. Nc3 Nf6 3. e5 Nd5 4. Nxd5 exd5 5. Nf3 Nc6 6. d4 
d6 7. Bb5 Bg4 8. h3 Bxf3 9. Qxf3 dxe5 10. Qe2 e4 11. B@a4 P@d7 
12. Bxc6 dxc6 13. N@e5 Bd6 14. Nxc6 bxc6 15. Bxc6+ B@d7 16. Bxa8 N@f5 17. Bxd5 
Nxd4 18. Qxe4+ P@e5 19. Bxf7+ Kxf7 20. N@g5+ Qxg5 21. Bxg5 B@f5 22. Qd5+ Bde6 
23. R@d7+ Kg6 24. Rxg7+ Kxg7 25. Q@f6+ Kg8 26. P@f7+ Bxf7 27. Qdxf7# 
{XXNoWay checkmated} 1-0

[Event "fics rated crazyhouse match"]
[Site "fics, Oklahoma City, OK USA"]
[Date "2000.03.28"]
[White "pminear"]
[WhiteElo "2503"]
[Black "XXNoWay"]
[BlackElo "2342"]
[TimeControl "60+0"]
[Result "0-1"]

1. e4 e6 2. Nc3 Nf6 3. e5 Nd5 4. Nxd5 exd5 5. Nf3 Nc6 6. d4 
N@e4 7. Bb5 d6 8. Qe2 Bg4 9. c4 dxe5 10. cxd5 Qxd5 11. Bc4 Bxf3 
12. gxf3 Qxd4 13. Bxf7+ Kxf7 14. fxe4 Bb4+ 15. P@c3 P@g2 16. N@g5+ Ke7 17. N@f5+ 
Kd8 18. Nxd4 gxh1=Q+ 19. B@f1 Nxd4 20. Nf7+ Ke7 21. Nxh8 N@f3+ 22. Kd1 Qxf1+ 
23. R@e1 Qxe1+ 24. Qxe1 P@c2# 
{pminear checkmated} 0-1

[Event "fics rated crazyhouse match"]
[Site "fics, Oklahoma City, OK USA"]
[Date "2000.03.28"]
[White "pminear"]
[WhiteElo "2481"]
[Black "XXNoWay"]
[BlackElo "2364"]
[TimeControl "60+0"]
[Result "1-0"]

1. e4 e6 2. Nc3 Nf6 3. e5 Nd5 4. Nxd5 exd5 5. Nf3 Nc6 6. d4 
d6 7. Bb5 Bg4 8. h3 Bxf3 9. Qxf3 dxe5 10. B@a4 e4 11. Qg4 N@f6 
12. Bxc6+ bxc6 13. Bxc6+ P@d7 14. Bxd7+ Nxd7 15. P@e6 Bb4+ 16. N@c3 fxe6 17. Qxe6+ 
P@e7 18. P@f7+ Kf8 19. P@h6 B@f6 20. hxg7+ Bxg7 21. P@h6 B@f6 22. hxg7+ Bxg7 
23. B@h6 N@h5 24. Bxg7+ Nxg7 25. B@h6 B@f6 26. Qxd5 Bxc3+ 27. bxc3 N@b6 28. N@e6+ 
Kxf7 29. Nxd8+ Ke8 30. P@f7+ Kxd8 31. Qxa8+ Nxa8 32. R@g8+ Rxg8 33. fxg8=Q+ N@e8 
34. R@b8+ R@c8 35. Rxc8+ Kxc8 36. Qxe8+ Kb7 37. Qxa8# 
{XXNoWay forfeits on time} 1-0

[Event "fics rated crazyhouse match"]
[Site "fics, Oklahoma City, OK USA"]
[Date "2000.03.28"]
[White "XXNoWay"]
[WhiteElo "2364"]
[Black "pminear"]
[BlackElo "2481"]
[TimeControl "60+0"]
[Result "0-1"]

1. e4 e5 2. Nc3 Nc6 3. Nf3 Bc5 4. Bc4 Nf6 5. d3 d6 6. h3 
Be6 7. Bxe6 fxe6 8. Ng5 B@d7 9. B@f7+ Ke7 10. Bxe6 Bxe6 11. Nxe6 Kxe6 
12. B@f5+ Ke7 13. Bg5 B@f7 14. Bxf6+ gxf6 15. P@e6 Bg6 16. N@d5+ Kf8 17. Bxg6 
hxg6 18. e7+ Nxe7 19. Nxe7 Qxe7 20. Nd5 Bxf2+ 21. Kxf2 P@g3+ 22. Kxg3 B@f4+ 
23. Kf3 N@d4+ 24. Kf2 B@e3+ 25. Ke1 Bg3+ 26. Kf1 P@e2+ 27. Qxe2 Nxe2 28. N@g4 
Nd4 29. B@c3 Q@e2# 
{XXNoWay checkmated} 0-1

[Event "fics rated crazyhouse match"]
[Site "fics, Oklahoma City, OK USA"]
[Date "2000.03.28"]
[White "pminear"]
[WhiteElo "2486"]
[Black "XXNoWay"]
[BlackElo "2359"]
[TimeControl "60+0"]
[Result "1-0"]

1. e4 e6 2. Nc3 d5 3. exd5 exd5 4. Bb5+ Nc6 5. Qe2+ Be7 6. Nf3 
Bg4 7. Bxc6+ bxc6 8. N@e5 Bxf3 9. Qxf3 N@g5 10. Qe2 Nf6 11. Nxc6 O-O 
12. Nxe7+ Kh8 13. d4 P@h6 14. Bxg5 hxg5 15. B@e5 Qxe7 16. N@f5 Qe6 17. Nxg7 
B@f4 18. Nh5 B@d2+ 19. Kf1 Bxe5 20. dxe5 Bxc3 21. bxc3 B@c4 22. P@d3 N@h4 
23. B@h3 Qxh3 24. P@g7+ Kg8 25. Nxf6+ Kxg7 26. N@h5# 
{XXNoWay forfeits on time} 1-0

[Event "fics rated crazyhouse match"]
[Site "fics, Oklahoma City, OK USA"]
[Date "2000.03.28"]
[White "XXNoWay"]
[WhiteElo "2354"]
[Black "pminear"]
[BlackElo "2491"]
[TimeControl "60+0"]
[Result "1-0"]

1. e4 e5 2. Nc3 Nc6 3. Bb5 Bc5 4. Nf3 Nf6 5. Bxc6 dxc6 6. d4 
exd4 7. Na4 P@e3 8. Nxc5 B@b4+ 9. c3 exf2+ 10. Kxf2 Bxc5 11. cxd4 Nxe4+ 
12. Kf1 N@g3+ 13. hxg3 Nxg3+ 14. Kg1 Bxd4+ 15. Nxd4 Qxd4+ 16. Qxd4 N@e2+ 17. Kf2 
Nxd4 18. Q@e3+ Be6 19. P@d7+ Kxd7 20. N@c5+ Kc8 21. N@e7+ Kb8 22. Qxe6 Nxh1+ 
23. Ke3 Q@e2+ 24. Kxd4 P@e5+ 25. Kc3 R@c2+ 26. Kb3 P@a4+ 27. Ka3 P@b4+ 28. Kxb4 
a5+ 29. Ka3 P@b4+ 30. Kxa4 P@b5+ 31. Kb3 
{pminear forfeits on time} 1-0

[Event "fics rated crazyhouse match"]
[Site "fics, Oklahoma City, OK USA"]
[Date "2000.03.28"]
[White "XXNoWay"]
[WhiteElo "2360"]
[Black "pminear"]
[BlackElo "2485"]
[TimeControl "60+0"]
[Result "0-1"]

1. e4 e5 2. Nc3 Nc6 3. Bc4 Bc5 4. Nf3 Nf6 5. d3 d6 6. h3 
Be6 7. Bxe6 fxe6 8. Ng5 B@g8 9. B@c4 Nd4 10. Be3 h6 11. Bxd4 hxg5 
12. Bxc5 dxc5 13. B@g6+ B@f7 14. Bxf7+ Bxf7 15. N@g4 Nxg4 16. Qxg4 N@h6 17. Bxe6 
Nxg4 18. Bxg4 N@f4 19. B@f3 B@d7 20. Bxd7+ Qxd7 21. B@g4 Qd4 22. P@e3 Qd6 
23. exf4 gxf4 24. N@f5 Qf8 25. Nxg7+ Qxg7 26. N@f5 Qf6 27. N@d5 Bxd5 28. Nxd5 
B@a5+ 29. P@c3 Qc6 30. B@f6 P@g3 31. O-O-O Q@a1+ 32. Kd2 Qxb2 33. Bxh8 Bxc3+ 
34. Nxc3 Qxc3+ 35. Kxc3 P@d4+ 36. Kd2 N@c4+ 37. Ke2 N@c3+ 38. Kf1 N@d2+ 39. Rxd2 
Nxd2+ 40. Ke1 gxf2+ 41. Kxd2 P@e3+ 42. Kc1 R@b1# 
{XXNoWay checkmated} 0-1

[Event "fics rated crazyhouse match"]
[Site "fics, Oklahoma City, OK USA"]
[Date "2000.03.28"]
[White "LordPixel"]
[WhiteElo "2329"]
[Black "Eyefor"]
[BlackElo "2336"]
[TimeControl "60+0"]
[Result "1-0"]

1. e4 e6 2. d4 d5 3. exd5 exd5 4. Bb5+ c6 5. Qe2+ Be6 6. Bf4 
cxb5 7. Qxb5+ B@c6 8. Qe2 P@c7 9. P@f5 Bd7 10. fxe6 Bxe6 11. P@f5 Bb4+ 
12. Kf1 P@d7 13. fxe6 fxe6 14. B@e5 Qe7 15. Bxc7 Nc6 16. P@d6 Nxd4 17. dxe7 
Bxe7 18. Qd2 P@c5 19. B@e5 Nf5 20. Q@b3 P@b4 21. Qh3 Nf6 22. Bxf6 Bxf6 
23. N@e5 Bxe5 24. Bfxe5 N@e4 25. Qe1 P@f7 26. B@d3 f6 27. Bxe4 dxe4 28. N@d6+ 
Nxd6 29. Bexd6 B@c4+ 30. N@e2 N@d4 31. Qh5+ B@g6 32. Qxc5 Nxc2 33. Qxc4 P@d3 
34. B@b5 Bf5 35. P@c6 bxc6 36. Bxc6 Nxe1 37. Bxa8 dxe2+ 38. Qxe2 P@f3 39. R@e7+ 
Kf8 40. Rxd7+ Ke8 41. Bb7 fxe2+ 42. Nxe2 Kxd7 43. P@c6+ Ke8 44. P@d7+ Kf7 
45. d8=Q 
{Eyefor forfeits on time} 1-0

[Event "fics rated crazyhouse match"]
[Site "fics, Oklahoma City, OK USA"]
[Date "2000.03.28"]
[White "LordPixel"]
[WhiteElo "2329"]
[Black "Eyefor"]
[BlackElo "2336"]
[TimeControl "0+1"]
[Result "1-0"]

1. e4 e6 2. d4 Nf6 3. e5 Nd5 4. Nf3 Nc6 5. Be2 d6 6. exd6 
cxd6 7. O-O Be7 8. c4 Nf6 9. Nc3 P@c7 10. P@b5 Nb8 11. Bd2 d5 
12. cxd5 Nxd5 13. Nxd5 exd5 14. P@h6 N@f5 15. hxg7 Nxg7 16. P@h6 Nf5 17. N@g7+ 
Nxg7 18. hxg7 Rg8 19. Ne5 Rxg7 20. N@c5 P@h3 21. g4 P@g2 22. Re1 P@d6 
23. Bh6 dxc5 24. Bxg7 cxd4 25. R@h8+ N@f8 26. Bxf8 Bxf8 27. N@g7+ Ke7 28. Qxd4 
Bxg7 29. Rxd8 N@f3+ 30. Bxf3 N@e2+ 31. Rxe2 Kxd8 32. Nxf7+ Kd7 33. N@c5# 
{Eyefor checkmated} 1-0

[Event "fics rated crazyhouse match"]
[Site "fics, Oklahoma City, OK USA"]
[Date "2000.03.28"]
[White "Eyefor"]
[WhiteElo "2328"]
[Black "LordPixel"]
[BlackElo "2337"]
[TimeControl "60+0"]
[Result "0-1"]

1. e4 e6 2. d4 d5 3. exd5 exd5 4. Bb5+ c6 5. Qe2+ Be7 6. Bf4 
cxb5 7. Qxb5+ B@c6 8. Qb3 Na6 9. P@b5 Bb4+ 10. Bd2 Qe7+ 11. P@e5 Bxb5 
12. Bxb4 Qxb4+ 13. Qxb4 Nxb4 14. Kd2 B@f4+ 15. B@e3 Bxe3+ 16. fxe3 Q@f2+ 17. B@e2 
Qxg2 18. Q@f3 Qxe2+ 19. Nxe2 B@g4 20. Qg2 P@h3 21. Qg3 Bbxe2 22. Kc1 B@e4 
23. Q@a4+ Nc6 24. Re1 N@f5 25. Qf2 P@b5 26. Qb3 Bc4 27. Qc3 P@e2 28. Nd2 
b4 29. Qxc4 dxc4 30. Rxe2 Bxc2 31. P@d7+ Bxd7 32. Re1 Bd3 33. B@d1 Bxd1 
34. Nxc4 P@c2 35. Nd6+ Nxd6 36. Rxd1 N@e2+ 37. Qxe2 Bxe2 38. N@c7+ Kf8 39. Kxc2 
P@a3 40. exd6 axb2 41. Nxa8 Q@c3+ 42. Kb1 bxa1=Q# 
{Eyefor checkmated} 0-1

[Event "fics rated crazyhouse match"]
[Site "fics, Oklahoma City, OK USA"]
[Date "2000.03.28"]
[White "LordPixel"]
[WhiteElo "2345"]
[Black "Eyefor"]
[BlackElo "2320"]
[TimeControl "0+1"]
[Result "1-0"]

1. e4 Nf6 2. Nc3 d5 3. exd5 Nxd5 4. Nf3 e6 5. d4 Nxc3 6. bxc3 
P@e4 7. Bb5+ Nd7 8. Ng5 N@d6 9. Bxd7+ Bxd7 10. N@c5 B@d5 11. N@e5 B5c6 
12. Ncxd7 Bxd7 13. P@c5 N@h4 14. Qg4 Nxg2+ 15. Qxg2 P@f3 16. Qh3 Be7 17. N@h5 
Bxg5 18. Nxg7+ Kf8 19. Bxg5 N@g2+ 20. Kd1 Qxg5 21. Nxd7+ Kxg7 22. B@f6+ Qxf6 
23. Nxf6 B@e2+ 24. Kc1 B@g5+ 25. P@e3 Bxf6 26. cxd6 N@g5 27. B@h6+ Kg8 28. N@e7+ 
Bxe7 29. Q@g7# 
{Eyefor checkmated} 1-0

[Event "fics rated crazyhouse match"]
[Site "fics, Oklahoma City, OK USA"]
[Date "2000.03.28"]
[White "Eyefor"]
[WhiteElo "2313"]
[Black "LordPixel"]
[BlackElo "2352"]
[TimeControl "60+0"]
[Result "1-0"]

1. e4 Nf6 2. Nc3 e6 3. e5 Nd5 4. d4 Bb4 5. Bd2 Bxc3 6. bxc3 
Nc6 7. Nf3 N@e4 8. B@h4 Nxd2 9. Bxd8 Nxf1 10. Bxc7 Nxc3 11. Rxf1 Nxd1 
12. N@d6+ Ke7 13. P@f6+ gxf6 14. exf6+ Kxf6 15. Q@g5# 
{LordPixel checkmated} 1-0

[Event "fics rated crazyhouse match"]
[Site "fics, Oklahoma City, OK USA"]
[Date "2000.03.28"]
[White "Eyefor"]
[WhiteElo "2314"]
[Black "LordPixel"]
[BlackElo "2351"]
[TimeControl "0+1"]
[Result "1-0"]

1. e4 e6 2. d4 d5 3. exd5 exd5 4. Bb5+ c6 5. Qe2+ Be6 6. Bf4 
cxb5 7. Qxb5+ B@c6 8. Qe2 P@c7 9. P@f5 Qf6 10. fxe6 Bb4+ 11. P@c3 Qxf4 
12. exf7+ Kxf7 13. P@e6+ Kf8 14. cxb4 Qc1+ 15. B@d1 Qxb2 16. B@c3 Qc1 17. Nd2 
Qa3 18. Nb1 Qc1 19. Nd2 Qa3 20. Nb1 Qc1 21. Nd2 Qa3 22. Nb1 Qc1 
23. Nd2 Qa3 24. Nb1 Qc1 25. Nd2 Qa3 26. Nb1 Qc1 27. Nd2 Qa3 28. Nb1 
Qc1 29. Nd2 Qa3 30. Nb1 Qc1 31. Nd2 Qa3 32. Nb1 Qc1 33. Nd2 Qa3 
34. Nb1 Qc1 35. Nd2 Qa3 36. Nb1 Qc1 37. Nd2 Qa3 38. Nb1 Qc1 39. Nd2 
Qa3 40. Nb1 Qc1 41. Nd2 Qa3 42. Nb1 Qc1 43. Nd2 Qa3 44. Nb1 Qc1 
45. Nd2 Qa3 46. Nb1 Qc1 47. Nd2 Qa3 48. Nb1 Qc1 49. Nd2 Qa3 50. Nb1 
Qc1 51. Nd2 Qa3 52. Nb1 Qc1 53. Nd2 Qa3 54. Nb1 Qc1 55. Nd2 Qa3 
56. Nb1 Qc1 57. Nd2 Qa3 58. Nb1 Qc1 59. Nd2 Qa3 60. Nb1 Qc1 61. Nd2 
Qa3 62. Nb1 Qc1 63. Nd2 Qa3 64. Nb1 Qc1 65. Nd2 Qa3 66. Nb1 Qc1 
67. Nd2 Qa3 68. Nb1 Qc1 69. Nd2 Qa3 70. Nb1 Qc1 71. Nd2 Qa3 72. Nb1 
Qc1 73. Nd2 Qa3 74. Nb1 Qc1 75. Nd2 Qa3 76. Nb1 Qc1 77. Nd2 Qa3 
78. Nb1 Qc1 79. Nd2 Qa3 80. Nb1 Qc1 81. Nd2 Qa3 82. Nb1 Qc1 83. Nd2 
Qa3 84. Nb1 Qc1 85. Nd2 Qa3 86. Nb1 Qc1 87. Nd2 Qa3 88. Nb1 Qc1 
89. Nd2 Qa3 90. Nb1 Qc1 91. Nd2 Qa3 92. Nb1 Qc1 93. Nd2 Qa3 94. Nb1 
Qc1 95. Nd2 Qa3 96. Nb1 Qc1 97. Nd2 Qa3 98. Nb1 Qc1 99. Nd2 Qa3 
100. Nb1 Qc1 101. Nd2 Qa3 102. Nb1 Qc1 103. Nd2 Qa3 104. Nb1 Qc1 105. Nd2 
Qa3 106. Nb1 Qc1 107. Nd2 Qa3 108. Nb1 Qc1 109. Nd2 Qa3 110. Nb1 Qc1 
111. Nd2 Qa3 112. Nb1 Qc1 113. Nd2 Qa3 114. Nb1 Qc1 115. Nd2 Qa3 116. Nb1 
Qc1 117. Nd2 Qa3 118. Nb1 Qc1 119. Nd2 Qa3 120. Nb1 Qc1 121. Nd2 Qa3 
122. Nb1 Qc1 123. Nd2 Qa3 124. Nb1 Qc1 125. Nd2 Qa3 126. Nb1 Qc1 127. Nd2 
Qa3 128. Nb1 Qc1 129. Nd2 Qa3 130. Nb1 Qc1 131. Nd2 Qa3 132. Nb1 Qc1 
133. Nd2 Qa3 134. Nb1 Qc1 135. Nd2 Qa3 136. Nb1 Qc1 137. Nd2 Qa3 138. Nb1 
Qc1 139. Nd2 Qa3 140. Nb1 Qc1 141. Nd2 Qa3 142. Nb1 Qc1 143. Nd2 Qa3 
144. Nb1 Qc1 145. Nd2 Qa3 146. Nb1 Qc1 147. Nd2 Qa3 148. Nb1 Qc1 149. Nd2 
Qa3 150. Nb1 Qc1 151. Nd2 Qa3 152. Nb1 Qc1 153. Nd2 Qa3 154. Nb1 Qc1 
155. Nd2 Qa3 156. Nb1 Qc1 157. Qd2 P@b2 158. Qxc1 
{LordPixel forfeits on time} 1-0

[Event "fics rated crazyhouse match"]
[Site "fics, Oklahoma City, OK USA"]
[Date "2000.03.28"]
[White "Eyefor"]
[WhiteElo "2315"]
[Black "LordPixel"]
[BlackElo "2350"]
[TimeControl "60+0"]
[Result "1-0"]

1. d4 e6 2. Nc3 d6 3. e4 Nf6 4. Nf3 Nc6 5. Bb5 Bd7 6. Bxc6 
Bxc6 7. N@g5 B@b4 8. Nxf7 Kxf7 9. Ng5+ Ke7 10. Qe2 N@b5 11. Qc4 Bxc3+ 
12. bxc3 d5 13. exd5 exd5 14. Qb4+ P@d6 15. P@e5 Ne4 16. Nxe4 dxe4 17. B@h4+ 
Ke8 18. P@f7+ Kxf7 19. Bxd8 N@d3+ 20. cxd3 N@c2+ 21. Kf1 P@e2+ 22. Kxe2 exd3+ 
23. Kxd3 Nxb4+ 24. cxb4 Rxd8 25. P@e6+ Kxe6 26. N@g5+ Kd5 27. N@e3# 
{LordPixel checkmated} 1-0

[Event "fics rated crazyhouse match"]
[Site "fics, Oklahoma City, OK USA"]
[Date "2000.03.28"]
[White "LordPixel"]
[WhiteElo "2341"]
[Black "Eyefor"]
[BlackElo "2324"]
[TimeControl "0+1"]
[Result "1-0"]

1. e4 e6 2. d4 d6 3. Nf3 Nf6 4. Bd3 Nc6 5. c3 d5 6. e5 
Ne4 7. O-O Be7 8. Be3 Bd7 9. Nbd2 Nxd2 10. Nxd2 N@f5 11. N@h5 Nxe3 
12. Nxg7+ Kf8 13. fxe3 Kxg7 14. Qg4+ N@g6 15. P@f6+ Kf8 16. fxe7+ Ncxe7 17. N@f6 
P@g7 18. Nxh7+ Rxh7 19. Bxg6 Nxg6 20. Qxg6 N@e2+ 21. Kh1 B@f5 22. Rxf5 Rxh2+ 
23. Kxh2 exf5 24. N@h7+ Ke7 25. P@f6+ gxf6 26. Qxf6+ Ke8 27. N@g7# 
{Eyefor checkmated} 1-0

[Event "fics rated crazyhouse match"]
[Site "fics, Oklahoma City, OK USA"]
[Date "2000.03.28"]
[White "Eyefor"]
[WhiteElo "2316"]
[Black "LordPixel"]
[BlackElo "2349"]
[TimeControl "60+0"]
[Result "1-0"]

1. e4 e6 2. d4 d5 3. exd5 exd5 4. Bb5+ Nc6 5. Qe2+ Qe7 6. Bf4 
Qxe2+ 7. Nxe2 Bb4+ 8. Nbc3 Ba5 9. P@a6 Bxc3+ 10. Nxc3 Q@e7+ 11. B@e5 N@h4 
12. Q@g3 Nf5 13. axb7 Bxb7 14. Nxd5 Nxg3 15. Bxc6+ Bxc6 16. Nxc7+ Qxc7 17. hxg3 
Qa5+ 18. Bd2 Q@e4+ 19. N@e3 Qexe5 20. dxe5 Qxe5 21. N@c4 Qb8 22. P@d5 Bb7 
23. Q@e4+ Ne7 24. Rxh7 Rxh7 25. P@d7+ Kxd7 26. Qxh7 R@g1+ 27. R@f1 Rxf1+ 28. Kxf1 
Nxd5 29. R@d6+ Qxd6 30. Nxd6 Kxd6 31. P@e5+ Ke7 32. Q@d6+ Ke8 33. Qg8+ N@f8 
34. Qgxf8# 
{LordPixel checkmated} 1-0

[Event "fics rated crazyhouse match"]
[Site "fics, Oklahoma City, OK USA"]
[Date "2000.03.28"]
[White "LordPixel"]
[WhiteElo "2340"]
[Black "Eyefor"]
[BlackElo "2325"]
[TimeControl "0+1"]
[Result "1-0"]

1. e4 e6 2. d4 d5 3. exd5 exd5 4. Bb5+ c6 5. Qe2+ Be6 6. Bf4 
cxb5 7. Qxb5+ B@c6 8. Qe2 P@c7 9. P@f5 Qf6 10. fxe6 Bb4+ 11. P@c3 Qxf4 
12. exf7+ Kxf7 13. P@e6+ Kf8 14. cxb4 Qc1+ 15. B@d1 Qxb2 16. B@c3 Qc1 17. Nd2 
Qa3 18. Nb1 Qc1 19. Nd2 Qa3 20. Nb1 Qc1 21. Nd2 Qa3 22. Nb1 Qc1 
23. Nd2 Qa3 24. Nb1 Qc1 25. Nd2 Qa3 26. Nb1 Qc1 27. Nd2 Qa3 28. Nb1 
Qc1 29. Nd2 Qa3 30. Nb1 Qc1 31. Nd2 Qa3 32. Nb1 Qc1 33. Nd2 Qa3 
34. Nb1 Qc1 35. Nd2 Qa3 36. Nb1 Qc1 37. Nd2 Qa3 38. Nb1 Qc1 39. Nd2 
Qa3 40. Nb1 Qc1 41. Nd2 Qa3 42. Nb1 Qc1 43. Nd2 Qa3 44. Nb1 Qc1 
45. Nd2 Qa3 46. Nb1 Qc1 47. Nd2 Qa3 48. Nb1 Qc1 49. Nd2 Qa3 50. Nb1 
Qc1 51. Nd2 Qa3 52. Nb1 Qc1 53. Nd2 Qa3 54. Nb1 Qc1 55. Nd2 Qa3 
56. Nb1 Qc1 57. Nd2 Qa3 58. Nb1 Qc1 59. Nd2 Qa3 60. Nb1 Qc1 61. Nd2 
Qa3 62. Nb1 Qc1 63. Nd2 Qa3 64. Nb1 Qc1 65. Nd2 Qa3 66. Nb1 Qc1 
67. Nd2 Qa3 68. Nb1 Qc1 69. Nd2 Qa3 70. Nb1 Qc1 71. Nd2 Qa3 72. Nb1 
Qc1 73. Nd2 Qa3 74. Nb1 Qc1 75. Nd2 Qa3 76. Nb1 Qc1 77. Nd2 Qa3 
78. Nb1 Qc1 79. Nd2 Qa3 80. Nb1 Qc1 81. Nd2 Qa3 82. Nb1 Qc1 83. Nd2 
Qa3 84. Nb1 Qc1 85. Nd2 Qa3 86. Nb1 Qc1 87. Nd2 Qa3 88. Nb1 Qc1 
89. Nd2 Qa3 90. Nb1 Qc1 91. Nd2 Qa3 92. Nb1 Qc1 93. Nd2 Qa3 94. Nb1 
Qc1 95. Nd2 Qa3 96. Nb1 Qc1 97. Nd2 Qa3 98. Nb1 Qc1 99. Nd2 Qa3 
100. Nb1 Qc1 101. Nd2 Qa3 102. Nb1 Qc1 103. Nd2 Qa3 104. Nb1 Qc1 105. Nd2 
Qa3 106. Nb1 Qc1 107. Nd2 Qa3 108. Nb1 Qc1 109. Nd2 Qa3 110. Nb1 Qc1 
111. Nd2 Qa3 112. Nb1 Qc1 113. Nd2 Qa3 114. Nb1 Qc1 115. Nd2 Qa3 116. Nb1 
Qc1 117. Nd2 Qa3 118. Nb1 Qc1 119. Nd2 Qa3 120. Nb1 Qc1 121. Nd2 Qa3 
122. Nb1 Qc1 123. Nd2 Qa3 124. Nb1 Qc1 125. Nd2 Qa3 126. Nb1 Qc1 127. Nd2 
Qa3 128. Nb1 Qc1 129. Nd2 Qa3 130. Nb1 Qc1 131. Nd2 Qa3 132. Nb1 Qc1 
133. Nd2 Qa3 134. Nb1 Qc1 135. Nd2 Qa3 136. Nb1 Qc1 137. Nd2 Qa3 138. Nb1 
Qc1 139. Nd2 Qa3 140. Nb1 Qc1 141. Nd2 Qa3 142. Nb1 Qc1 143. Nd2 Qa3 
144. Nb1 Qc1 145. Nd2 Qa3 146. Nb1 Qc1 147. Nd2 Qa3 148. Nb1 Qc1 149. Nd2 
Qa3 150. Nb1 Qc1 151. Nd2 Qa3 152. Nb1 Qc1 153. Nd2 Qa3 154. Nb1 Qc1 
155. Nd2 Qa3 156. Nb1 Qc1 157. Nd2 Qa3 158. Nb1 Qc1 159. Nd2 Qa3 160. Nb1 
Qc1 161. Nd2 Qa3 162. Nb1 Qc1 163. Nd2 Qa3 164. Nb1 Qc1 165. Nd2 Qa3 
166. Nb1 Qc1 167. Nd2 Qa3 168. Nb1 Qc1 169. Nd2 Qa3 170. Nb1 Qc1 171. Nd2 
Qa3 172. Nb1 Qc1 173. Nd2 Qa3 174. Nb1 Qc1 175. Nd2 Qa3 176. Nb1 Qc1 
177. Nd2 Qa3 178. Nb1 Qc1 179. Nd2 Qa3 180. Nb1 Qc1 181. Nd2 Qa3 182. Nb1 
Qc1 183. Nd2 Qa3 184. Nb1 Qc1 185. Nd2 Qa3 186. Nb1 Qc1 187. Nd2 Qa3 
188. Nb1 Qc1 189. Nd2 Qa3 190. Nb1 Qc1 191. Nd2 Qa3 192. Nb1 Qc1 193. Nd2 
Qa3 194. Nb1 Qc1 195. Nd2 Qa3 196. Nb1 Qc1 197. Nd2 Qa3 198. Nb1 Qc1 
199. Nd2 Qa3 200. Nb1 Qc1 201. Nd2 Qa3 202. Nb1 Qc1 203. Nd2 Qa3 204. Nb1 
Qc1 205. Nd2 Qa3 206. Nb1 Qc1 207. Nd2 Qa3 208. Nb1 Qc1 209. Nd2 Qa3 
210. Nb1 Qc1 211. Nd2 Qa3 212. Nb1 Qc1 213. Nd2 Qa3 214. Nb1 Qc1 215. Nd2 
Qa3 216. Nb1 Qc1 217. Nd2 Qa3 218. Nb1 Qc1 219. Nd2 Qa3 220. Nb1 Qc1 
221. Nd2 Qa3 222. Nb1 Qc1 223. Nd2 Qa3 224. Nb1 Qc1 225. Nd2 Qa3 226. Nb1 
Qc1 227. Nd2 Qa3 228. Nb1 Qc1 229. Nd2 Qa3 230. Nb1 Qc1 231. Nd2 Qa3 
232. Nb1 Qc1 233. Nd2 Qa3 234. Nb1 Qc1 235. Nd2 Qa3 236. Nb1 Qc1 237. Qf3+ 
Nf6 238. Ne2 Qh6 239. Qf4 Qxf4 240. Nxf4 
{Eyefor forfeits on time} 1-0

[Event "fics rated crazyhouse match"]
[Site "fics, Oklahoma City, OK USA"]
[Date "2000.03.28"]
[White "Eyefor"]
[WhiteElo "2317"]
[Black "LordPixel"]
[BlackElo "2348"]
[TimeControl "0+1"]
[Result "0-1"]

1. e4 Nf6 2. Nc3 d5 3. exd5 Nxd5 4. d4 e6 5. Nxd5 exd5 6. Nf3 
Nc6 7. Be2 P@e4 8. Ne5 Nxe5 9. dxe5 N@c4 10. Bxc4 dxc4 11. Qxd8+ Kxd8 
12. Q@d5+ Q@d7 13. Qxd7+ Bxd7 14. Q@h4+ Q@e7 15. Bg5 f6 16. exf6 gxf6 17. Bxf6 
B@b4+ 18. P@d2 Bxd2+ 19. Kxd2 c3+ 20. bxc3 N@c4+ 21. Kd1 P@e2+ 22. Ke1 P@b2 
23. Rb1 Na3 24. Rxb2 e3 25. fxe3 Nb5 26. Rxb5 Bxb5 27. Qd4+ Kc8 28. B@f5+ 
Kb8 29. N@d7+ Bxd7 30. N@a6+ bxa6 31. N@c6+ Bxc6 32. N@d7+ Bxd7 33. Bxe7 R@d1+ 
34. Kxe2 Rxd4 35. P@b7 Q@b5+ 36. P@d3 Qxb7 37. Q@d8+ N@c8 38. P@c6 Bxe7 39. Qxd7 
Rxd7 40. cxb7 P@f3+ 41. gxf3 Q@g2+ 42. Q@f2 N@d4+ 43. exd4 N@f4+ 44. Kd1 Qxh1+ 
45. B@g1 R@b1+ 46. N@c1 B@e2+ 47. Kd2 N@f1+ 48. Qxf1 Bxf1 49. bxa8=B Qxg1 50. N@c6+ 
Kxa8 51. P@b7+ Kxb7 52. Bxd7 Q@e3+ 53. Kd1 Rxc1# 
{Eyefor checkmated} 0-1

[Event "fics rated crazyhouse match"]
[Site "fics, Oklahoma City, OK USA"]
[Date "2000.03.28"]
[White "LordPixel"]
[WhiteElo "2355"]
[Black "Eyefor"]
[BlackElo "2310"]
[TimeControl "60+0"]
[Result "0-1"]

1. e4 Nf6 2. Nc3 d5 3. exd5 Nxd5 4. Nf3 e6 5. d4 Bb4 6. Bd2 
Bxc3 7. Bxc3 Nxc3 8. bxc3 P@b2 9. Bb5+ c6 10. Rb1 cxb5 11. N@h5 N@f5 
12. Rxb2 B@c4 13. B@e5 Qa5 14. Qd2 B@a3 15. Bxg7 Bxb2 16. Nf6+ Kd8 17. Bxh8 
R@e2+ 18. Qxe2 Bxc3+ 19. P@d2 Bxe2 20. R@f8+ Kc7 21. Rxf7+ Bd7 22. R@c5+ P@c6 
23. Kxe2 Nxd4+ 24. Nxd4 Bxd4 25. N@e8+ Kb6 26. B@c7+ Ka6 27. Nxd7 Q@e4+ 28. B@e3 
Bxe3 29. Nxb8+ Rxb8 30. dxe3 Qxa2 31. Rxc6+ P@b6 32. N@c5+ Ka5 33. Bc3+ P@b4 
34. Nxe4 Qxc2+ 35. B@d2 B@d3+ 36. Ke1 Qb1+ 37. Q@c1 Qxc1+ 38. Bxc1 Q@e2# 
{LordPixel checkmated} 0-1

[Event "fics rated crazyhouse match"]
[Site "fics, Oklahoma City, OK USA"]
[Date "2000.03.28"]
[White "Eyefor"]
[WhiteElo "2319"]
[Black "LordPixel"]
[BlackElo "2346"]
[TimeControl "0+1"]
[Result "0-1"]

1. e4 e6 2. d4 Nf6 3. e5 Nd5 4. Nf3 Nc6 5. Be2 d6 6. exd6 
cxd6 7. O-O Be7 8. c4 Nf6 9. Nc3 P@c7 10. P@b5 Nb8 11. Bd2 d5 
12. cxd5 Nxd5 13. Nxd5 exd5 14. P@h6 N@f5 15. hxg7 Nxg7 16. P@h6 Nf5 17. N@g7+ 
Nxg7 18. hxg7 Rg8 19. Bh6 N@f5 20. Bf4 P@e4 21. Ne5 Rxg7 22. N@c5 Bxc5 
23. dxc5 N@h3+ 24. Kh1 Nxf4 25. B@g3 Nxg2 26. Kxg2 B@d4 27. Kg1 Nxg3 28. hxg3 
Rxg3+ 29. N@g2 Rxg2+ 30. Kxg2 Bxe5 31. R@g8+ N@f8 32. N@g5 P@f3+ 33. Nxf3 exf3+ 
34. Bxf3 N@f4+ 35. Kh1 Bxb2 36. P@g7 Bxg7 37. Re1+ N@e6 38. Rxg7 P@h2 39. Bxd5 
Nxd5 40. Rxf7 Kxf7 41. Qh5+ P@g6 42. Qxh2 R@h4 43. P@h3 P@b2 44. P@e7 Nxe7 
45. P@d6 bxa1=Q 46. Rxa1 Nxc5 47. dxc7 R@d1+ 48. Rxd1 Qxd1+ 49. R@g1 Qf3+ 50. P@g2 
Qf4 51. B@g3 Rxh3 52. gxh3 Qe4+ 53. P@f3 Qxf3+ 54. P@g2 Qxg3 55. Qxg3 Nbd7 
56. R@f4+ P@f5 57. Qg5 P@h2 58. Kxh2 Nfe6 59. Q@e8+ Kxe8 60. Qh6 P@g7 61. Qxh7 
Nxf4 62. P@f7+ Kxf7 63. Kh1 R@h6 64. Qxh6 gxh6 65. P@d6 Ned5 66. R@d8 Ncd3 
67. Rxd7+ Bxd7 68. N@d1 P@e2 69. h4 exd1=Q 70. Rxd1 Q@h3+ 71. gxh3 Q@g2# 
{Eyefor checkmated} 0-1

[Event "fics rated crazyhouse match"]
[Site "fics, Oklahoma City, OK USA"]
[Date "2000.03.28"]
[White "LordPixel"]
[WhiteElo "2351"]
[Black "Eyefor"]
[BlackElo "2314"]
[TimeControl "0+1"]
[Result "1-0"]

1. e4 e6 2. d4 Nf6 3. e5 Nd5 4. Nf3 Nc6 5. Be2 d6 6. exd6 
Bxd6 7. O-O O-O 8. Nc3 Nxc3 9. bxc3 N@e4 10. N@b5 P@f5 11. Nxd6 Qxd6 
12. B@a3 Qd8 13. Bxf8 Qxf8 14. P@b2 N@g4 15. h3 Nexf2 16. Rxf2 Nxf2 17. Kxf2 
P@e4 18. Ng5 B@h4+ 19. Kf1 R@h1+ 20. N@g1 Bxg5 21. Bxg5 N@h2+ 22. Kf2 h6 
23. Bf4 Qe7 24. B@g3 e5 25. dxe5 g5 26. N@f6+ Qxf6 27. R@e8+ Kh7 28. exf6 
{Eyefor forfeits on time} 1-0

[Event "fics rated crazyhouse match"]
[Site "fics, Oklahoma City, OK USA"]
[Date "2000.03.28"]
[White "Eyefor"]
[WhiteElo "2307"]
[Black "LordPixel"]
[BlackElo "2358"]
[TimeControl "0+1"]
[Result "1-0"]

1. e4 e6 2. d4 d5 3. exd5 exd5 4. Bb5+ c6 5. Qe2+ Qe7 6. Bf4 
cxb5 7. Qxe7+ Bxe7 8. Q@c7 Q@e6+ 9. P@e5 B@b4+ 10. c3 Na6 11. Qxc8+ Qxc8 
12. B@e2 Q@e4 13. cxb4 Bxb4+ 14. B@c3 P@c2 15. Nd2 Bxc3 16. bxc3 Qxf4 17. Bxb5+ 
P@c6 18. Bxa6 c1=Q+ 19. Rxc1 Qxd2+ 20. Kxd2 N@e4+ 21. Ke2 bxa6 22. N@d6+ Nxd6 
23. exd6 N@f4+ 24. Kd1 B@h5+ 25. P@f3 B@a4+ 26. P@b3 Bxf3+ 27. gxf3 P@g2 28. Q@e1+ 
B@e6 29. N@c7+ Qxc7 30. dxc7 gxh1=Q 31. bxa4 N@b2+ 32. Kd2 Nbd3 33. Q@b8+ Rxb8 
34. cxb8=Q+ R@d8 35. B@d7+ Ke7 36. B@d6+ Kf6 37. Qxd8+ Kg6 38. R@g3+ Q@g4 39. Rxg4+ 
Bxg4 40. Q@g5# 
{LordPixel checkmated} 1-0